 Dungeon Crawl Stone Soup version 0.20-a0-901-g27f6fa8 (webtiles) character file.

30 tarabluh the Caller (level 3, 0/32 HPs)
             Began as a Troll Summoner on Mar 20, 2017.
             Succumbed to Sigmund's poison
             ... on level 2 of the Dungeon.
             The game lasted 00:02:03 (955 turns).

tarabluh the Caller (Troll Summoner)                 Turns: 955, Time: 00:02:04

Health: 0/32       AC:  5    Str: 16    XL:     3   Next: 5%
Magic:  2/3        EV: 10    Int: 17    God:
Gold:   44         SH:  0    Dex: 10    Spells: 3/4 levels left

rFire    . . .     SeeInvis .     - Unarmed
rCold    . . .     Gourm    +   a - +0 robe
rNeg     . . .     Faith    .   (no shield)
rPois    .         Spirit   .   (helmet restricted)
rElec    .         Reflect  .   (no cloak)
rCorr    .         Harm     .   (gloves unavailable)
MR       .....                  (boots unavailable)
Stlth    +.........             (no amulet)
Regen    0.5/turn               (no ring)
MPRegen  0.1/turn               (no ring)

@: brilliant, lethally poisoned (0 -> -3), flying, very slightly contaminated
A: unfitting armour, claws 3, fast metabolism 3, gourmand, regeneration 1,
shaggy fur 1, tough skin 2
a: no special abilities


You were on level 2 of the Dungeon.
You were very full.

You visited 1 branch of the dungeon, and saw 2 of its levels.

You collected 44 gold pieces.

Inventory:

Armour
 a - a +0 robe (worn)
Scrolls
 e - a scroll of blinking
Potions
 h - a potion of brilliance
Books
 b - a book of Callings

   Spells                             Type                      Level
   a - Summon Small Mammal            Summoning                    1
   b - Call Imp                       Summoning                    2
   c - Call Canine Familiar           Summoning                    3
   d - Summon Guardian Golem          Hexes/Summoning              3
   e - Summon Lightning Spire         Summoning/Air                4
   f - Summon Ice Beast               Ice/Summoning                4
Comestibles
 c - 3 bread rations
 f - a meat ration
 g - 2 chunks of flesh


   Skills:
 + Level 0.5 Fighting
 - Level 1.5 Dodging
 - Level 1.0 Stealth
 * Level 2.4 Unarmed Combat
 - Level 1.2 Spellcasting
 - Level 2.9 Summonings


You had 3 spell levels left.
You knew the following spells:

 Your Spells              Type           Power        Failure   Level  Hunger
a - Summon Small Mammal   Summ           ###.         1%          1    ##.....


Dungeon Overview and Level Annotations

Branches:
Dungeon (2/15)

Altars:
Gozag

Shops:
D:2 *

Annotations:
D:2 Sigmund


Innate Abilities, Weirdness & Mutations

You are too large for most types of armour.
You have claws for hands.
Your metabolism is lightning-fast.
You like to eat raw meat.
Your natural rate of healing is unusually fast.
You are covered in fur. (AC +1)
You have very tough skin. (AC +2)


Message History

The kobold barely misses your bat.
It was a potion of brilliance.
You feel clever all of a sudden.
* * * LOW HITPOINT WARNING * * *
You feel sick.
Your bat misses the kobold.
Your bat barely misses the kobold.
Your bat closely misses the kobold.
The kobold hits your bat but does no damage.
There is a lethal amount of poison in your body!
Blink to where?
Press: ? - help, Dir - move target cursor You are very lightly contaminated with residual magic.
As you read the scroll labeled ROWKAFETOQ, it crumbles to dust.
It was a scroll of blinking.
* * * LOW HITPOINT WARNING * * *
You feel sick.
Okay, then.
As you read the scroll labeled TARIAQ UPHAC, it crumbles to dust.
It is a scroll of identify.
You don't have any unidentified items.
You die...

#.....# #####
######.....###
...?####.###............#
.........##..####.....#.#
###.#######..>....(.....#
#@# #..######.###.# #.#
#..# #.# #.#
#K#######..######.# #.#
#bb....§......@...# #.#
#########..#####..# #.##
#..# #..###..####
#..#####..#.......#
#..(......#.≈≈.≈≈.#
#...........≈...≈.####
#..#######..≈._.≈.....
.....# #.≈≈...≈≈####
#.##.# #<≈.....≈#


There were no monsters in sight!

Vanquished Creatures
  An adder (D:2)
  A leopard gecko (D:1)
  2 bats
  A giant cockroach (D:1)
  2 goblins (D:1)
  2 hobgoblins
  2 jackals (D:1)
  3 kobolds (D:1)
  A quokka (D:2)
  A ball python (D:1)
  A frilled lizard (D:1)
  A rat (D:2)
18 creatures vanquished.

Notes
Turn   | Place    | Note
-------+----------+-------------------------------------------
     0 | D:1      | tarabluh the Troll Summoner began the quest for the Orb.
     0 | D:1      | Reached XP level 1. HP: 16/16 MP: 1/1
    52 | D:1      | Reached skill level 1 in Unarmed Combat
   105 | D:1      | Reached XP level 2. HP: 24/24 MP: 2/2
   820 | D:2      | Reached XP level 3. HP: 26/32 MP: 3/3
   840 | D:2      | Found Gozag's Platinum Reserve.
   842 | D:2      | Found an opulent altar of Gozag.
   935 | D:2      | Noticed Sigmund
   953 | D:2      | HP: 1/32 [poisoned by Sigmund]
   955 | D:2      | Succumbed to Sigmund's poison

Vault maps used:
D:1:      roderic_octagonal_star
D:2:      minitemple, minmay_misc_feat_alley, nicolae_gozag_zags_fifth_avenue,
          uniq_sigmund, uniq_terence

Skill      XL: |  1  2 |
---------------+-------+-----
Unarmed Combat | 1 2 |  2.4
Fighting       | |  0.5
Dodging        | |  1.5
Stealth        | |  1.0
Spellcasting   | |  1.2
Summonings     | |  2.9

Action                   || total
-------------------------++-------
Melee: Unarmed           ||    86
 Cast: Summon Small Mamm ||     2
  Use: Scroll            ||     2
       Potion            ||     2
  Eat: Chunk             ||    12
Armor: Robe              ||    29
Dodge: Dodged            ||    50
